 Dungeon Crawl Stone Soup version 0.26.1-11-gd32895ea62 (webtiles) character file.

Game seed: 9615380474507438086

1757 MisterFreud the Grappler (level 8, -1/68 (78) HPs)
             Began as a Troll Monk on May 14, 2021.
             Slain by a killer bee (9 damage)
             ... on level 7 of the Dungeon.
             The game lasted 00:05:18 (4668 turns).

MisterFreud the Grappler (Troll Monk)               Turns: 4668, Time: 00:05:19

HP:   -1/68 (78)    AC:  7    Str: 20    XL:     8   Next: 79%
MP:   0/7           EV: 13    Int:  6    God:
Gold: 396           SH:  0    Dex: 14    Spells: 7/7 levels left

rFire    . . .     SeeInvis +     - Unarmed
rCold    . . .     Faith    .   (no shield)
rNeg     . . .     Spirit   +   a - +0 robe
rPois    .         Reflect  .   (helmet restricted)
rElec    .         Harm     .   u - +0 cloak
rCorr    .         Rampage  .   (gloves unavailable)
Will     .....                  (boots unavailable)
Stlth    ++........             e - amulet of guardian spirit
HPRegen  0.61/turn              x - ring of see invisible
MPRegen  0.10/turn              (no ring)

@: heavily drained
A: large, unfitting armour, claws 3, regeneration 1, shaggy fur 1, tough skin 3
a: no special abilities


You were on level 7 of the Dungeon.
You visited 2 branches of the dungeon, and saw 8 of its levels.

You collected 396 gold pieces.

Inventory:

Missiles
 s - 11 boomerangs (quivered)
Armour
 a - a +0 robe (worn)
 u - a +0 cloak (worn)
Jewellery
 e - an amulet of guardian spirit (around neck)
 f - an uncursed amulet of faith
 x - a ring of see invisible (left claw)
Scrolls
 c - 4 scrolls of remove curse {unknown}
 d - 6 scrolls of teleportation {unknown}
 i - 2 scrolls of fear {unknown}
 k - 4 scrolls of identify {unknown}
 l - a scroll of enchant weapon {unknown}
 p - a scroll of immolation {unknown}
 q - 2 scrolls of enchant armour {unknown}
 t - a scroll of amnesia {unknown}
 v - a scroll of magic mapping {unknown}
 w - a scroll of noise {unknown}
 y - a scroll of fog {unknown}
Potions
 b - 3 potions of magic {unknown}
 g - 3 potions of degeneration {unknown}
 h - 2 potions of might {unknown}
 j - 5 potions of heal wounds
 m - 5 potions of curing
 n - 2 potions of lignification {unknown}
 o - 2 potions of haste {unknown}
 r - a potion of brilliance {unknown}


   Skills:
 - Level 4.0 Fighting
 - Level 4.0 Throwing
 + Level 5.7 Dodging
 - Level 1.0 Stealth
 - Level 8.0 Unarmed Combat


You had 7 spell levels left.
You didn't know any spells.
Your spell library contained the following spells:

 Spells                   Type           Power        Failure   Level
 Summon Lightning Spire   Summ/Air       0%           99%         4
 Silence                  Hex/Air        0%           100%        5
 Conjure Ball Lightning   Conj/Air       0%           100%        6
 Tornado                  Air            0%           100%        9


Dungeon Overview and Level Annotations

Branches:
Dungeon (7/15)             Temple (1/1) D:5

Altars:
Ashenzari
Cheibriados
Dithmenos
Elyvilon
Fedhas
Gozag
Hepliaklqana
Makhleb
Nemelex Xobeh
Qazlal
Ru
Sif Muna
Trog
Uskayaw
Vehumet
Yredelemnul
Zin
The Shining One


Innate Abilities, Weirdness & Mutations

You are too large for most types of armour.
You have claws for hands.
Your natural rate of healing is unusually fast.
You are covered in fur. (AC +1)
You have extremely tough skin. (AC +3)


Message History

The killer bee poisons you! The killer bee completely misses you.
Unknown command.
You closely miss the killer bee.
The killer bee is heavily wounded.
You feel sick. The killer bee stings you.
* * * LOW HITPOINT WARNING * * *
The killer bee stings you.
* * * LOW HITPOINT WARNING * * *
The killer bee stings you.
* * * LOW HITPOINT WARNING * * *
You are more poisoned.
The killer bee poisons you!
The killer bee stings you but does no damage.
It was a potion of curing.
You feel better. The killer bee barely misses you. The killer bee stings you.
* * * LOW HITPOINT WARNING * * *
The killer bee stings you.
* * * LOW HITPOINT WARNING * * *
The killer bee stings you!
You die...

.##. ... y
##.[..##.. ..#####
...###....
......##.....#....
$....#...........
#...#..##.......
##.#...###......
###.....# #.....##
#@yy##Z.###.......
##yyZ##..##...###.
###..#.y.....##..
#>.#...........
##...#.....##..
#..###....#...
#... ##..##...
#?.## #..##.##
#### ##.... #


You could see 4 killer bees and a bullfrog zombie.

Vanquished Creatures
  Prince Ribbit (D:5)
  A water moccasin (D:6)
  A phantom (D:4)
  2 ogres
  3 bullfrogs (D:6)
  A water moccasin skeleton (D:4)
  5 wights (D:6)
  A howler monkey (D:4)
  A bullfrog zombie (D:6)
  A centaur zombie (D:7)
  6 hounds
  An orc priest (D:6)
  3 iguanas
  8 worker ants
  A hound skeleton (D:4)
  5 adders
  2 white imps
  An ooze (D:5)
  An adder zombie (D:5)
  3 worms (D:2)
  A dart slug (D:4)
  5 leopard geckos
  9 orcs
  2 ball pythons
  3 giant cockroaches
  5 goblins
  7 hobgoblins
  6 jackals
  9 kobolds
  2 quokkas
  4 bats
  8 frilled lizards
  2 jackal skeletons
  2 rats
113 creatures vanquished.

Notes
Turn   | Place    | Note
-------+----------+-------------------------------------------
     0 | D:1      | MisterFreud the Troll Monk began the quest for the Orb.
     0 | D:1      | Reached XP level 1. HP: 22/22 MP: 0/0
   294 | D:1      | Reached XP level 2. HP: 28/29 MP: 1/1
   664 | D:2      | Found a shimmering blue altar of Sif Muna.
   703 | D:2      | Reached skill level 4 in Unarmed Combat
   785 | D:2      | Reached XP level 3. HP: 36/36 MP: 2/2
  1165 | D:2      | Reached XP level 4. HP: 44/44 MP: 3/3
  1281 | D:2      | Reached skill level 5 in Unarmed Combat
  2064 | D:3      | Found a sacrificial altar of Ru.
  2189 | D:4      | Reached XP level 5. HP: 42/50 MP: 4/4
  2277 | D:4      | Reached skill level 6 in Unarmed Combat
  2293 | D:4      | Noticed a phantom
  2306 | D:4      | Killed a phantom
  2307 | D:4      | Reached XP level 6. HP: 48/59 MP: 3/5
  2343 | D:4      | Reached skill level 7 in Unarmed Combat
  2543 | D:4      | Reached skill level 8 in Unarmed Combat
  2623 | D:4      | Found a stormy altar of Qazlal.
  2634 | D:4      | Reached skill level 1 in Throwing
  2634 | D:4      | Reached XP level 7. HP: 60/66 MP: 6/6
  3019 | D:5      | Entered Level 5 of the Dungeon
  3038 | D:5      | Found a broken altar of Ashenzari.
  3292 | D:5      | Found a staircase to the Ecumenical Temple.
  3397 | Temple   | Entered the Ecumenical Temple
  3522 | D:5      | Noticed Prince Ribbit
  3524 | D:5      | Found a sacrificial altar of Ru.
  3551 | D:5      | Killed Prince Ribbit
  3700 | D:6      | Found a basalt altar of Yredelemnul.
  3717 | D:6      | Reached XP level 8. HP: 75/75 MP: 7/7
  3755 | D:6      | Found a shadowy altar of Dithmenos.
  4139 | D:6      | Reached skill level 5 in Dodging
  4668 | D:7      | Slain by a killer bee

Illustrated notes

Levels and vault maps discovered:
D:1:      moated_graveyard_arrival, layout_basic, corner_web_ring
D:2:      layout_loops_ring, nicolae_overflow_crystal_walls, minivault_27,
          glass_columns_b
D:3:      kennysheep_big_flooded_room, layout_loops_ring, serial_glass,
          glass_columns_a, glass_columns_a, minmay_misc_feat_pillars,
          nicolae_ru_path_of_blood
D:4:      layout_cave_pools, lemuel_round_altar
D:5:      layout_loops_ring, cheibrodos_ashenzari_chains, lemuel_round_altar,
          minmay_temple_entry_tees, uniq_prince_ribbit1
D:6:      layout_basic, old_standard_altar, lemuel_crystal_altar,
          grunt_ministairs_4
D:7:      layout_cave_pools, minmay_between
Temple:   nicolae_temple_no_exploring_needed

Skill      XL: |  1  2  3  4  5  6  7  8 |
---------------+-------------------------+-----
Unarmed Combat | 4 5 6 8 |  8.0
Throwing       | 1 4 |  4.0
Fighting       | 3 4 |  4.0
Dodging        | 3 5 |  5.7
Stealth        | |  1.0

Action                   |  1- 3 |  4- 6 |  7- 9 || total
-------------------------+-------+-------+-------++-------
Melee: Unarmed           |   104 |   106 |   154 ||   364
       Punch             |     2 |     2 |    10 ||    14
  Use: Potion            |       |       |     3 ||     3
 Stab: Sleeping          |     2 |     1 |     1 ||     4
Armor: Robe              |    37 |    33 |    47 ||   117
Dodge: Dodged            |    48 |    46 |   104 ||   198
